 Dungeon Crawl Stone Soup version 0.28-a0-1395-g4f6bc678fa (webtiles) character file.

Game seed: 1881654528191588005

75647 Deminshera the Markself (level 15, -20/87 HPs)
             Began as a Deep Elf Arcane Marksman on Jan 4, 2022.
             Was a Believer of Lugonu.
             Demolished by a white ugly thing (31 damage)
             ... on level 14 of the Dungeon.
             The game lasted 01:32:07 (59983 turns).

Deminshera the Markself (Deep Elf Arcane Marksman) Turns: 59983, Time: 01:32:08

Health: -20/87     AC: 21    Str:  9    XL:     15   Next: 10%
Magic:  15/31      EV: 15    Int: 27    God:    Lugonu [**....]
Gold:   717        SH:  5    Dex: 15    Spells: 15/34 levels left

rFire   . . .      SeeInvis .   v - +4 longbow (freeze)
rCold   . . .      Faith    .   (shield currently unavailable)
rNeg    . . .      Spirit   .   d - +5 steam dragon scales
rPois   +          Reflect  +   q - +2 helmet {Int+3}
rElec   .          Harm     .   K - +2 cloak {Stlth+}
rCorr   .          Rampage  .   n - +1 pair of gloves
Will    ++...                   k - +0 pair of boots
Stlth   +++.......              g - amulet of reflection
HPRegen 0.24/turn               C - ring of willpower
MPRegen 0.22/turn               x - +4 ring of slaying

@: studying Air Magic
A: reduced essence, poison resistance, shaggy fur 1
a: Renounce Religion, Depart the Abyss, Bend Space


You were on level 14 of the Dungeon.
You worshipped Lugonu.
Lugonu was pleased with you.
You visited 2 branches of the dungeon, and saw 21 of its levels.
You visited the Abyss 1 time.
You also visited: Volcano.

You collected 2291 gold pieces.
You spent 1574 gold pieces at shops.

Inventory:

Hand Weapons
 a - the +8 arc blade {discharge, rElec}
   (You found it on level 13 of the Dungeon)

   It occasionally unleashes powerful arcs of lightning upon striking a foe.
   These may arc to other adjacent creatures (including the wielder, but dealing
   reduced damage to them) before grounding out.
   rElec:     It insulates you from electricity.
 e - a +1 trident of flaming
 v - a +4 longbow of freezing (weapon)
Missiles
 b - 7 throwing nets
 c - 445 arrows (quivered ammo)
Armour
 d - +5 steam dragon scales (worn)
 k - a +0 pair of boots (worn)
 n - a +1 pair of gloves (worn)
 q - a +2 helmet of intelligence (worn)
 K - a +2 cloak of stealth (worn)
 L - a +3 ring mail of fire resistance
 S - the +7 ice dragon scales "Epeof" {rElec rF- rC++ Int-5 Slay+2}
   (You bought it in a shop on level 3 of the Dungeon)

   Int:       It affects your intelligence (-5).
   Slay:      It affects your accuracy & damage with ranged weapons and melee
   (+2).
   rF:        It makes you vulnerable to fire.
   rC:        It greatly protects you from cold.
   rElec:     It insulates you from electricity.
Jewellery
 f - a ring of resist corrosion
 g - an amulet of reflection (around neck)
 m - an amulet of faith
 o - a +4 ring of protection
 p - a +6 ring of strength
 t - a ring of fire
 x - a +4 ring of slaying (right hand)
 C - a ring of willpower (left hand)
 H - a ring of protection from cold
Wands
 i - a wand of acid (3)
 s - a wand of polymorph (4)
 y - a wand of iceblast (33)
 G - a wand of paralysis (8)
 I - a wand of mindburst (17)
 O - a wand of flame (18)
 P - a wand of charming (6)
Scrolls
 h - 3 scrolls of teleportation
 j - a scroll of fear
 l - a scroll of magic mapping
 u - 2 scrolls of vulnerability
 w - 19 scrolls of identify
 E - a scroll of blinking
 J - 2 scrolls of amnesia
 N - 4 scrolls of fog
Potions
 r - 2 potions of magic
 z - 2 potions of might
 A - 6 potions of curing
 B - 4 potions of haste
 D - 4 potions of brilliance
 F - a potion of cancellation
 M - a potion of resistance
 R - 2 potions of flight


   Skills:
 + Level 12.4 Fighting
 - Level 20.0 Bows
 + Level 4.4 Armour
 - Level 7.0 Dodging
 - Level 3.0 Stealth
 - Level 10.0 Spellcasting
 - Level 10.0 Hexes
 - Level 3.0 Translocations
 + Level 3.3 Transmutations
 - Level 7.0 Fire Magic
 + Level 3.2 Earth Magic
 - Level 8.0 Invocations


You had 15 spell levels left.
You knew the following spells:

 Your Spells              Type           Power      Damage    Failure   Level
a - Slow                  Hex            100%       N/A       1%          1
b - Inner Flame           Hex/Fire       56%        N/A       1%          3
c - Portal Projectile     Hex/Tloc       96%        N/A       1%          3
d - Cause Fear            Hex            30%        N/A       1%          4
e - Blink                 Tloc           58%        N/A       1%          2
f - Statue Form           Tmut/Erth      20%        N/A       86%         6

Your spell library contained the following spells:

 Spells                   Type           Power      Damage    Failure   Level
 Apportation              Tloc           58%        N/A       1%          1
 Foxfire                  Conj/Fire      100%       2x1d9     1%          1
 Sandblast                Erth           62%        2d14      1%          1
 Ensorcelled Hibernation  Hex/Ice        80%        N/A       1%          2
 Sting                    Tmut/Pois      88%        1d7       2%          1
 Leda's Liquefaction      Hex/Erth       24%        N/A       2%          4
 Conjure Flame            Conj/Fire      32%        6-21      3%          3
 Freeze                   Ice            52%        1d7       4%          1
 Pain                     Necr           52%        1d6       4%          1
 Shock                    Conj/Air       52%        1d6       4%          1
 Fulminant Prism          Conj/Hex       20%        3d13      5%          4
 Poisonous Vapours        Pois/Air       26%        N/A       6%          2
 Spider Form              Tmut/Pois      22%        N/A       7%          3
 Flame Wave               Conj/Fire      32%        2d7       10%         4
 Passage of Golubria      Tloc           29%        N/A       12%         4
 Call Canine Familiar     Summ           13%        N/A       13%         3
 Frozen Ramparts          Ice            26%        1d4       13%         3
 Ozocubu's Armour         Ice            13%        N/A       13%         3
 Swiftness                Air            13%        N/A       13%         3
 Silence                  Hex/Air        20%        N/A       16%         5
 Animate Armour           Summ/Erth      44%        N/A       22%         4
 Iskenderun's Mystic Bla  Conj/Tloc      21%        2d6       22%         4
 Fireball                 Conj/Fire      16%        3d8       28%         5
 Blade Hands              Tmut           15%        N/A       30%         5
 Lee's Rapid Deconstruct  Erth           15%        3d11*     30%         5
 Manifold Assault         Tloc           29%        N/A       34%         5
 Airstrike                Air            6%         N/A       38%         4
 Hailstorm                Conj/Ice       13%        3d5       38%         4
 Olgreb's Toxic Radiance  Pois           13%        N/A       38%         4
 Summon Lightning Spire   Summ/Air       13%        N/A       38%         4
 Alistair's Intoxication  Tmut/Pois      14%        N/A       52%         5
 Irradiate                Conj/Tmut      11%        3d17      52%         5
 Agony                    Necr           13%        N/A       75%         5
 Excruciating Wounds      Necr           6%         N/A       75%         5
 Dragon Form              Tmut           15%        N/A       100%        7
 Malign Gateway           Summ/Tloc      10%        N/A       100%        7
 Ozocubu's Refrigeration  Ice            6%         4d6       100%        7
 Storm Form               Tmut/Air       11%        N/A       100%        7
 Borgnjor's Revivificati  Necr           6%         N/A       100%        8
 Lehudib's Crystal Spear  Conj/Erth      11%        10d4      100%        8
 Maxwell's Capacitive Co  Air            6%         ∞         100%        8
 Necromutation            Tmut/Necr      11%        N/A       100%        8
 Death's Door             Necr           6%         N/A       100%        9


Dungeon Overview and Level Annotations

Branches:
Dungeon (15/15)            Temple (0/1) D:5            Lair (6/6) D:9
  Snake (0/4) Lair:4       Spider (0/4) Lair:2        Slime (0/5) Lair:6
    Orc (0/2) D:11         Vaults (0/5) D:13        Volcano (visited)
 Depths: D:15

Altars:
Cheibriados
Dithmenos
Elyvilon
Fedhas
Gozag
Hepliaklqana
Ru
Wu Jian
Zin
Jiyva

Shops:
D:3 *[:(?   D:5 :   D:10 (   D:15 (

Annotations:
Lair:5 2 transporters, exclusion: oklob plant, Elesme's ghost, journeyman DDGl


Innate Abilities, Weirdness & Mutations

Your life essence is reduced to manifest your ancestor. (-10% HP)
Your system is resistant to poisons. (rPois)
You are covered in fur. (AC +1)


Message History

You climb upwards.
There is a stone staircase leading down here.
Casting: Portal Projectile (safe; 1% risk of failure)
Confirm with . or Enter, or press ? or * to list all spells.
You blink.
The white ugly thing basks in the mutagenic energy from its kin and changes!
You feel stable enough to blink again.
You are too injured to fight recklessly!
You are too injured to fight recklessly!
You are too injured to fight recklessly!
Fire: 449 arrows
Press: ? - help, Q - select action, (/) - cycle Shift-Dir - straight line, f - white ugly thing
Aim: a white ugly thing (lightly wounded, 83% to hit)
You magically shoot an arrow.
The arrow hits the white ugly thing!
The arrow freezes the white ugly thing.
The white ugly thing is moderately wounded.
You are no longer teleporting projectiles to their destination.
Fire: 448 arrows
Press: ? - help, Q - select action, (/) - cycle Shift-Dir - straight line, f/p - white ugly thing
Aim: a white ugly thing (moderately wounded, 76% to hit)
You shoot an arrow. The arrow hits the white ugly thing!!
The arrow freezes the white ugly thing.
The white ugly thing is severely wounded.
The white ugly thing claws you. The white ugly thing freezes you!!
* * * LOW HITPOINT WARNING * * *
Fire: 447 arrows
Press: ? - help, Q - select action, (/) - cycle Shift-Dir - straight line, f/p - white ugly thing
Aim: a white ugly thing (severely wounded, 76% to hit)
You shoot an arrow. The arrow hits the white ugly thing!
The white ugly thing is severely wounded.
Fire: 446 arrows
Press: ? - help, Q - select action, (/) - cycle Shift-Dir - straight line, f/p - white ugly thing
Aim: a white ugly thing (severely wounded, 76% to hit)
You shoot an arrow.
The arrow hits the white ugly thing but does no damage.
The white ugly thing is severely wounded.
The white ugly thing claws you.
* * * LOW HITPOINT WARNING * * *
The white ugly thing freezes you!!
You die...

#.....# #......##.......#####..
#.....# #......##..............
###.....###......##..............
.................##..............
.................##.......#####..
##......###......##....)...## #..
##......# #......##.........# #..
##..##..# #...........#####.# #.#
##..##).# #.....@.....##....# #.#
##..##..# #.....u....##....## #.#
##..##.)# #.....u....#≈....# #.#
##..##..# #..#..(....#≈≈...# #.#
##..##..# #..#.......#≈....# #.#
##..##..###..#.......##....## #.#
##..##.......#>.(.....##....# #.#
##..##.......#........#####.# #.#
##..##..###..#........##....# #.#


You could see 2 ugly things.

Vanquished Creatures
  A sphinx (D:9)
  A storm dragon (D:13)
  Nessos (D:14)
  A starcursed mass (Abyss:3)
  An eidolon (Abyss:3)
  5 hydras
  Harold (D:7)
  Erolcha (D:11)
  An ogre mage (D:13)
  4 vault guards (D:13)
  4 boulder beetles
  5 death yaks
  6 centaur warriors
  A catoblepas (Lair:5)
  5 two-headed ogres
  2 tengu warriors
  A wretched star (Abyss:3)
  7 skeletal warriors
  Pikel (D:5)
  2 wizards
  A lindwurm (Lair:3)
  2 deep elf pyromancers
  2 orc knights
  2 wolf spiders (Lair:6)
  22 ugly things
  4 cyclopes
  2 manticores
  2 elephants (Lair:3)
  7 black mambas
  4 cane toads
  2 gargoyles
  Maggie (D:7)
  7 komodo dragons
  3 rime drakes
  A yaktaur (D:13)
  2 hornets (Lair:6)
  10 blink frogs
  2 polar bears
  3 trolls
  7 raiju (D:13)
  6 dream sheep (Lair:4)
  Sigmund (D:3)
  A small abomination (Abyss:2)
  4 shadows
  13 wyverns
  A vampire (D:12)
  2 fire bats (Volcano)
  22 yaks
  Grum (D:8)
  Eustachio (D:5)
  A human (D:13)
  A steam dragon (Lair:4)
  4 wraiths
  3 basilisks
  2 redbacks
  3 acid dragons
  3 nagas (Lair:4)
  13 water moccasins
  Duvessa (D:4)
  2 hornet zombies
  3 necrophages
  9 orc warriors
  4 black bears
  4 ogres
  17 centaurs
  12 wolves
  A lemure (D:5)
  A phantom (D:6)
  3 kobold brigands
  9 bullfrogs
  3 scorpions
  A gnoll sergeant (D:8)
  A water moccasin zombie (D:6)
  Dowan (D:5)
  A troll zombie (D:11)
  3 wights (D:7)
  A howler monkey (D:4)
  8 centaur zombies
  11 hounds
  A jelly (D:6)
  2 gnoll shamans (D:8)
  9 orc priests
  A bullfrog skeleton (D:4)
  2 iguanas (D:5)
  2 centaur skeletons
  Ijyb (D:5)
  Terence (D:2)
  7 orc wizards
  5 ogre zombies (D:11)
  2 howler monkey zombies
  13 gnolls
  3 howler monkey skeletons
  4 adders
  An adder skeleton (D:4)
  6 worms
  4 dart slugs
  28 orcs
  7 endoplasms
  2 giant cockroaches
  3 goblins
  4 hobgoblins
  5 jackals
  19 kobolds
  7 quokkas
  7 ball pythons
  5 bats
  5 frilled lizards
  2 goblin skeletons (D:11)
  A goblin zombie (D:11)
  A hobgoblin skeleton (D:11)
  2 hobgoblin zombies (D:11)
  An orc skeleton (D:11)
  11 orc zombies (D:11)
  6 rats
495 creatures vanquished.

Vanquished Creatures (collateral kills)
  A tentacled starspawn (Abyss:3)
  A deep elf elementalist (Abyss:3)
  A catoblepas (D:12)
  4 hydras
  3 centaur warriors
  5 two-headed ogres
  A death yak (Lair:3)
  3 black mambas
  A guardian serpent (Lair:6)
  3 elephants
  2 centaur zombies (D:11)
  7 cane toads
  An unseen horror (D:11)
  3 komodo dragons
  2 blink frogs
  A raiju (D:13)
  A shadow (D:11)
  A wyvern (Lair:6)
  7 yaks
  A basilisk (Lair:4)
  A steam dragon (D:9)
  A fire bat (Volcano)
  A basilisk (shapeshifter) (D:13)
  A redback (shapeshifter) (D:9)
  A naga (Lair:4)
  7 water moccasins
  2 wolves (Lair:3)
  A phantom (D:11)
  3 bullfrogs
  A gnoll sergeant (D:8)
  A scorpion (Lair:1)
  A howler monkey (D:9)
  3 small abominations (Abyss:3)
  A gnoll (D:8)
  A worm (Lair:1)
  An orc (D:9)
  A giant cockroach (Lair:2)
  An orc skeleton (D:11)
  A starspawn tentacle (Abyss:3)
79 creatures vanquished.

Vanquished Creatures (others)
  6 knights
  3 ancestors
  6 bushes
  51 fungi
  A lurking horror (Abyss:3)
  59 plants
  3 starspawn tentacles (Abyss:3)
129 creatures vanquished.

Grand Total: 703 creatures vanquished

Notes
Turn   | Place    | Note
-------+----------+-------------------------------------------
     0 | D:1      | Deminshera the Deep Elf Arcane Marksman began the quest for
                  | the Orb.
     0 | D:1      | Reached XP level 1. HP: 11/11 MP: 5/5
   197 | D:1      | Found a faded altar of an unknown god.
   306 | D:1      | Reached skill level 1 in Fighting
   402 | D:1      | Reached XP level 2. HP: 14/16 MP: 6/6
   596 | D:1      | Reached skill level 3 in Bows
  1183 | D:1      | Reached XP level 3. HP: 20/20 MP: 8/8
  1467 | D:1      | Learned a level 3 spell: Inner Flame
  3577 | D:2      | Noticed Terence
  3638 | D:2      | Killed Terence
  3639 | D:2      | Reached skill level 1 in Fire Magic
  3639 | D:2      | Reached XP level 4. HP: 26/26 MP: 7/9
  4649 | D:3      | Found an ornate altar of the Wu Jian Council.
  4650 | D:3      | Found a snail-covered altar of Cheibriados.
  4650 | D:3      | Found a white marble altar of Elyvilon.
  4650 | D:3      | Found a blossoming altar of Fedhas.
  5105 | D:3      | Reached skill level 4 in Bows
  5105 | D:3      | Reached skill level 5 in Hexes
  5314 | D:3      | Became a worshipper of Elyvilon the Healer
  5354 | D:3      | Found Efeacaw's Antique Weapon Shop.
  5366 | D:3      | Noticed Sigmund
  5413 | D:3      | Gained mutation: You are clumsy. (Dex -2) [potion of
                  | mutation]
  5418 | D:3      | Killed Sigmund
  5418 | D:3      | Elyvilon protects you from harm!
  5419 | D:3      | Reached skill level 5 in Bows
  5419 | D:3      | Reached XP level 5. HP: 28/32 MP: 10/10
  5419 | D:3      | Reached XP level 6. HP: 33/37 MP: 11/11
  5468 | D:2      | Lost mutation: You are clumsy. (Dex -2) [potion of
                  | mutation]
  5468 | D:2      | Gained mutation: You are covered in fur. (AC +1) [potion of
                  | mutation]
  5468 | D:2      | Gained mutation: Your system is resistant to poisons.
                  | (rPois) [potion of mutation]
  5484 | D:3      | Found Nuerant's Magic Scroll Shop.
  5556 | D:3      | Found Hiraror's Book Shoppe.
  5697 | D:3      | Found Gaydaici's Armour Shop.
  5770 | D:3      | Found a sacrificial altar of Ru.
  5804 | D:3      | Found Eppics's Assorted Antiques.
  5876 | D:4      | Got the Reference Book on Flames and Creation
  5894 | D:4      | Reached * piety under Elyvilon
  6353 | D:3      | Reached skill level 1 in Stealth
  6591 | D:4      | Noticed an orc warrior
  7249 | D:4      | Learned a level 3 spell: Portal Projectile
  7837 | D:4      | Killed an orc warrior
  7838 | D:4      | Reached XP level 7. HP: 32/42 MP: 9/12
  8130 | D:4      | Found a hazy altar of Hepliaklqana.
  8131 | D:4      | Found a shadowy altar of Dithmenos.
  8132 | D:4      | Noticed a shadow
  8138 | D:4      | Fell from the grace of Elyvilon
  8138 | D:4      | Became a worshipper of Hepliaklqana the Forgotten
  8192 | D:4      | Reached skill level 1 in Translocations
  8883 | D:4      | Learned a level 4 spell: Cause Fear
  9036 | D:3      | Bought a glowing shortbow for 144 gold pieces
  9088 | D:5      | Entered Level 5 of the Dungeon
  9421 | D:5      | Noticed Duvessa
  9765 | D:5      | Noticed Dowan
  9772 | D:5      | Killed Dowan
 10008 | D:4      | Killed Duvessa
 10490 | D:5      | Found Hoar's Self-Improvement Boutique.
 10612 | D:5      | Reached skill level 6 in Bows
 10612 | D:5      | Reached XP level 8. HP: 9/48 MP: 14/14
 10988 | D:5      | Reached skill level 7 in Bows
 11373 | D:5      | Noticed Eustachio
 11382 | D:5      | Killed Eustachio
 11383 | D:5      | Reached skill level 8 in Bows
 12562 | D:5      | Reached skill level 9 in Bows
 12759 | D:5      | Noticed Pikel
 12770 | D:5      | Killed Pikel
 12771 | D:5      | Reached skill level 10 in Bows
 13324 | D:5      | Noticed Ijyb
 13336 | D:5      | Killed Ijyb
 13337 | D:5      | Reached skill level 5 in Fighting
 13337 | D:5      | Reached XP level 9. HP: 42/54 MP: 12/17
 13575 | D:5      | Found a staircase to the Ecumenical Temple.
 18891 | D:6      | Reached XP level 10. HP: 60/65 MP: 12/18
 19309 | D:7      | Noticed Maggie
 19317 | D:7      | Killed Maggie
 19835 | D:7      | Noticed Harold
 20011 | D:7      | Killed Harold
 21519 | D:8      | Noticed a cyclops
 21524 | D:8      | Killed a cyclops
 21525 | D:8      | Reached skill level 1 in Invocations
 23579 | D:8      | Reached skill level 10 in Fighting
 24609 | D:8      | Reached * piety under Hepliaklqana
 25169 | D:8      | Reached skill level 11 in Bows
 26212 | D:8      | Noticed Grum
 26218 | D:8      | Killed Grum
 26785 | D:9      | Found a staircase to the Lair.
 26786 | D:9      | Noticed an elephant
 26809 | D:9      | Killed an elephant
 26810 | D:9      | Reached skill level 5 in Invocations
 26838 | D:9      | Noticed a two-headed ogre
 26845 | D:9      | Killed a two-headed ogre
 26846 | D:9      | Reached XP level 11. HP: 64/64 MP: 3/19
 26901 | D:9      | Reached skill level 12 in Bows
 27698 | D:9      | Noticed a deep elf pyromancer
 27704 | D:9      | Killed a deep elf pyromancer
 28749 | D:10     | Entered Level 10 of the Dungeon
 28749 | D:10     | Found a glowing silver altar of Zin.
 29367 | D:10     | Noticed a two-headed ogre
 29384 | D:10     | Killed a two-headed ogre
 29456 | D:10     | Found an opulent altar of Gozag.
 29560 | D:10     | Reached ** piety under Hepliaklqana
 29561 | D:10     | Remembered your ancestor Cynebald as a knight
 29637 | D:10     | Found Kalewicu's Antique Weapon Boutique.
 29651 | D:10     | Reached skill level 13 in Bows
 30633 | D:9      | Noticed a centaur warrior
 30638 | D:9      | Killed a centaur warrior
 30707 | D:9      | Noticed a centaur warrior
 30717 | D:9      | Killed a centaur warrior
 30720 | D:9      | Reached skill level 14 in Bows
 31077 | D:9      | Noticed an eight-headed hydra
 31086 | D:9      | Killed an eight-headed hydra
 31087 | D:9      | Reached skill level 15 in Bows
 31474 | D:9      | Noticed a sphinx
 31487 | D:9      | Killed a sphinx
 31488 | D:9      | Reached XP level 12. HP: 69/69 MP: 5/20
 32591 | D:11     | Noticed a two-headed ogre
 32601 | D:11     | Reached skill level 16 in Bows
 32611 | D:11     | Noticed a two-headed ogre
 33019 | D:11     | HP: 2/69 [centaur warrior zombie (9)]
 33368 | D:11     | Killed a two-headed ogre
 33689 | D:11     | Reached skill level 17 in Bows
 34413 | D:11     | Noticed Erolcha
 34420 | D:11     | Killed Erolcha
 34421 | D:11     | Reached skill level 18 in Bows
 34575 | D:11     | Found a staircase to the Orcish Mines.
 34998 | Lair:1   | Entered Level 1 of the Lair of Beasts
 37597 | Lair:1   | Reached skill level 5 in Spellcasting
 38942 | Lair:1   | Reached skill level 19 in Bows
 38968 | Lair:2   | Found a hole to the Spider Nest.
 39248 | Lair:2   | Reached *** piety under Hepliaklqana
 40042 | Lair:3   | Found a dark tunnel.
 40229 | Volcano  | Entered a volcano
 40264 | Volcano  | Noticed a two-headed ogre
 40265 | Volcano  | Noticed a two-headed ogre
 40272 | Volcano  | Reached XP level 13. HP: 53/73 MP: 26/26
 41376 | Lair:3   | Reached skill level 20 in Bows
 41491 | Lair:3   | You fall into a shaft and drop 3 floors!
 41491 | Lair:6   | Entered Level 6 of the Lair of Beasts
 41629 | Lair:5   | Learned a level 2 spell: Blink
 41634 | Lair:5   | Found a transporter.
 41645 | Lair:5   | Noticed Elesme's ghost (journeyman DDGl)
 41805 | Lair:5   | Found a transporter.
 41831 | Lair:5   | Reached skill level 10 in Spellcasting
 41867 | Lair:5   | Found the +10 tower shield of Ignorance {rN+ Int-4}
 41869 | Lair:5   | Reached **** piety under Hepliaklqana
 42652 | Lair:4   | Found a staircase to the Snake Pit.
 42900 | Lair:4   | Reached skill level 5 in Dodging
 44883 | D:3      | Bought twisted ice dragon scales for 1430 gold pieces
 44883 | D:3      | Identified the +7 ice dragon scales "Epeof" {rElec rF- rC++
                  | Int-5 Slay+2} (You bought it in a shop on level 3 of the
                  | Dungeon)
 44914 | D:3      | Identified a scroll of acquirement
 44916 | D:3      | Acquired an amulet of reflection
 45706 | Lair:6   | Reached XP level 14. HP: 71/81 MP: 30/30
 46431 | Lair:6   | Reached ***** piety under Hepliaklqana
 46535 | Lair:6   | Reached skill level 5 in Fire Magic
 48831 | Lair:6   | Reached skill level 1 in Armour
 49235 | Lair:6   | Found a staircase to the Slime Pits.
 49236 | Lair:6   | Found a viscous altar of Jiyva.
 51956 | D:12     | Got the Reference Book on Earthen Transmigration
 52800 | D:12     | Reached skill level 10 in Hexes
 53015 | D:12     | Learned a level 6 spell: Statue Form
 53458 | D:13     | Noticed a storm dragon
 53469 | D:13     | Reached skill level 1 in Transmutations
 53469 | D:13     | Reached skill level 1 in Earth Magic
 53514 | D:13     | Killed a storm dragon
 53832 | D:13     | Found the +8 arc blade {discharge, rElec}
 54226 | D:13     | Cast into level 2 of the Abyss (a wizard)
 54318 | Abyss:3  | Noticed a starcursed mass
 54337 | Abyss:3  | Killed a starcursed mass
 54338 | Abyss:3  | Reached XP level 15. HP: 61/87 MP: 31/31
 54459 | Abyss:3  | Noticed a tentacled starspawn
 54467 | Abyss:3  | Noticed a bone dragon
 54472 | Abyss:3  | Killed a tentacled starspawn
 54489 | Abyss:3  | Found a corrupted altar of Lugonu.
 54493 | Abyss:3  | Fell from the grace of Hepliaklqana
 54493 | Abyss:3  | Became a worshipper of Lugonu the Unformed
 54493 | Abyss:3  | Reached * piety under Lugonu
 54494 | D:13     | Escaped the Abyss
 54794 | D:13     | Was forgiven by Elyvilon
 55277 | D:13     | Found a gate to the Vaults.
 57599 | D:14     | Noticed Nessos
 57609 | D:14     | Killed Nessos
 58325 | D:15     | Entered Level 15 of the Dungeon
 59233 | D:15     | Found Vub Ret's Antique Weapon Boutique.
 59629 | D:15     | Reached ** piety under Lugonu
 59983 | D:14     | Demolished by a white ugly thing

Illustrated notes

Levels and vault maps discovered:
D:1:      lightli_arrival_quake, layout_basic,
          shapermc_ecumenical_altar_mp_urbaneastern, minmay_tromino_i4
D:2:      layout_basic, uniq_terence
D:3:      layout_rooms, mainiacjoe_overflow_24_doors,
          grunt_temple_overflow_open, serial_glass, glass_columns_b,
          glass_columns_b, feat_on_display, serial_shops, shop,
          nicolae_shop_statue_plus, nicolae_shop_crystal,
          nicolae_shop_hallway_plus, nicolae_shop_overgrown_old_shop,
          uniq_sigmund
D:4:      layout_gridville, riverfiend_overflow_shadow_ancestor,
          guppyfry_early_orc_mine
D:5:      layout_basic, temple_hall, hangedman_decor_peaks_small,
          nicolae_shop_self_help, uniq_duvessa, uniq_ijyb, uniq_pikel,
          uniq_eustachio
D:6:      layout_loops_ring
D:7:      layout_loops_cross, uniq_harold, uniq_maggie
D:8:      layout_cave_pools, serial_gnoll_camp, grums_kennel,
          gnoll_camp_mini_hut, gnoll_camp_medium_02, gnoll_camp_mini_basic
D:9:      minmay_klotski, layout_basic, david_lair_generic
D:10:     layout_loops_ring, grunt_gozag_breadcrumbs,
          nicolae_overflow_crystal_walls, serial_shops, shop, st_stairs_6
D:11:     layout_basic, zombieorc1_lemuel, minmay_alternating_orb, uniq_erolcha
D:12:     layout_roguey, amcnicky_mini_pool_small, st_stairs_1
D:13:     minmay_shoctagon, layout_stronghold, grunt_vaults_entry_fortified
D:14:     layout_long_grid, kennysheep_nub, uniq_nessos
D:15:     grunt_enter_depths_snipers, layout_loops_ring,
          chequers_serial_rivers_micro_d, serial_shops, nicolae_shop_statue_plus
Lair:1:   layout_chaotic_city, grunt_megastairs_5, lemuel_fruit_tree
Lair:2:   layout_cave_pods, nicolae_spider_entry_non_spiders,
          grunt_forest_small_clearings, st_stairs_8
Lair:3:   layout_cellular_growth, nicolae_volcano_entry_vermiform
Lair:4:   layout_misc_corridors, guppyfry_snake_entry_garden
Lair:5:   layout_hall_layers, nzn_ghost_randoct, infiniplex_staircase_pool_2
Lair:6:   hangedman_lair_tendril_chambers, layout_small_grid, slime_altar_1

Skill      XL: |  1  2  3  4  5  6  7  8  9 10 11 12 13 14 15 |
---------------+----------------------------------------------+-----
Fighting       | 1 3 4 5 8 10 11 12 | 12.4
Bows           | 3 5 6 10 11 15 19 20 | 20.0
Spellcasting   | 2 3 4 7 10 | 10.0
Dodging        | 3 7 |  7.0
Fire Magic     | 1 2 3 4 7 |  7.0
Hexes          | 5 6 7 10 | 10.0
Stealth        | 2 3 |  3.0
Translocations | 3 |  3.0
Invocations    | 5 8 |  8.0
Armour         | 4 |  4.4
Transmutations | 2 3 |  3.3
Earth Magic    | 2 3 |  3.2

Action                   |  1- 3 |  4- 6 |  7- 9 | 10-12 | 13-15 || total
-------------------------+-------+-------+-------+-------+-------++-------
Melee: Dagger            |    60 |       |       |       |       ||    60
       Short sword       |    53 |    70 |       |       |       ||   123
       Rapier            |       |     1 |       |       |    35 ||    36
       Trident           |       |    98 |    42 |    25 |       ||   165
       Longbow           |       |       |       |       |     5 ||     5
 Fire: Shortbow          |    92 |    29 |   129 |   356 |       ||   606
       Longbow           |       |       |       |    82 |   991 ||  1073
Throw: Throwing net      |       |       |     1 |       |       ||     1
 Cast: Slow              |    18 |    11 |    74 |   109 |    54 ||   266
       Inner Flame       |     1 |     9 |    62 |   126 |    52 ||   250
       Cause Fear        |       |       |     6 |     7 |     7 ||    20
       Portal Projectile |       |       |       |     7 |    32 ||    39
       Blink             |       |       |       |       |    17 ||    17
Invok: Ancestor Life: Kn |       |       |       |     1 |       ||     1
       Recall Ancestor   |       |       |       |     4 |     3 ||     7
       Idealise          |       |       |       |       |     1 ||     1
       Transference      |       |       |       |       |     1 ||     1
       Depart the Abyss  |       |       |       |       |     1 ||     1
  Use: Potion            |       |     7 |     4 |     3 |    12 ||    26
       Scroll            |       |     6 |     9 |    23 |    14 ||    52
 Stab: Sleeping          |     2 |     2 |       |       |       ||     4
       Distracted        |       |       |       |     2 |       ||     2
Armor: Robe              |    28 |    60 |    20 |       |       ||   108
       Skin              |       |       |    26 |       |       ||    26
       Steam dragon scal |       |       |       |   116 |   119 ||   235
Dodge: Dodged            |    89 |   131 |    61 |   171 |   190 ||   642
Block: Other             |       |       |       |       |    44 ||    44
       Reflection        |       |       |       |       |     3 ||     3

Table legend: (Time is in decaauts)
 A = Elapsed time spent in this place.
 B = Non-inter-level travel time spent in this place.
 C = Inter-level travel time spent in this place.
 D = Time resting spent in this place.
 E = Time spent auto-exploring this place.
 F = Levels seen in this place.
 G = Mean time per level.
                   A        B        C        D        E       F      G
               +--------+--------+--------+--------+--------+-----+--------+
         Total |  59653 |  57862 |   1791 |  36753 |  14695 |  24 | 2485.5 |
       Dungeon |  44577 |  43285 |   1292 |  28233 |  10302 |  15 | 2971.8 |
          Lair |  14312 |  13813 |    499 |   8191 |   4359 |   6 | 2385.3 |
         Abyss |    260 |    260 |      0 |     66 |      6 |   2 |  130.0 |
       Volcano |    502 |    502 |      0 |    262 |     28 |   1 |  502.0 |
               +--------+--------+--------+--------+--------+-----+--------+

Top non-repeatable levels by time:
     D:6: 4952 daAuts
  Lair:6: 4819 daAuts
     D:7: 4599 daAuts
     D:5: 4500 daAuts
  Lair:1: 3776 daAuts
    D:13: 3495 daAuts
     D:9: 3455 daAuts
    D:11: 3256 daAuts
     D:8: 3198 daAuts
     D:4: 2922 daAuts
     D:2: 2701 daAuts
    D:10: 2649 daAuts
  Lair:3: 2469 daAuts
     D:1: 2424 daAuts
    D:14: 2126 daAuts
